[Event "Team 45 45 League T24"]
[Site "Free Internet Chess Server"]
[Date "2004.09.18"]
[Round "2"]
[White "BlkSabb"]
[Black "tjraczko"]
[Result "1/2-1/2"]
[WhiteElo "1675"]
[BlackElo "1592"]
[TimeControl "2700+45"]

1. d4 d5 2. c4 dxc4 3. e3 Nf6 4. Bxc4 e6 5. Nf3 c5 6. O-O a6 7. dxc5 Qxd1 8. Rxd1 Bxc5 9. Nc3 b5 10. Bf1 Nc6 11. a3 Bb7 12. b4 Be7 13. g3 Nxb4 14. Bg2 Nbd5 15. Bb2 O-O 16. Nxd5 Bxd5 17. a4 Rfd8 18. axb5 axb5 19. Rxa8 Rxa8 20. Bxf6 Bxf6 21. Nd4 Bxg2 22. Kxg2 Bxd4 23. Rxd4 Rb8 24. Rb4 f5 25. h4 Kf7 26. Kf3 g6 27. e4 Kf6 28. Kf4 fxe4 29. g4 e5+ 30. Kxe4 h6 31. h5 g5 32. Rb3 Ke6 33. f3 b4 34. Ke3 Kd5 35. Kd3 Kc5 36. Ke4 Kc4 37. Rb1 Kc3 38. Kxe5 b3 39. f4 gxf4 40. Kxf4 b2 41. g5 hxg5+ 42. Kxg5 Kc2 43. Rxb2+ Kxb2 44. Kg6   {Game drawn by mutual agreement} 1/2-1/2

[Event "Team 45 45 League T24"]
[Site "Free Internet Chess Server"]
[Date "2004.09.22"]
[Round "2"]
[White "couv"]
[Black "thelovegambit"]
[Result "0-1"]
[WhiteElo "1489"]
[BlackElo "1476"]
[TimeControl "2700+45"]

1. e4 c5 2. Nf3 Nc6 3. d4 cxd4 4. Bb5 Nf6 5. Bxc6 bxc6 6. Qxd4 d6 7. O-O e5 8. Qa4 Qc7 9. Re1 Be7 10. Nc3 O-O 11. Bg5 Bg4 12. Re3 Rab8 13. b4 d5 14. Bxf6 Bxf6 15. exd5 e4 16. Nxe4 Bxa1 17. b5 Bxf3 18. Rxf3 Rxb5 19. c3 Rb1+ 20. Qd1 Rxd1#   {White checkmated} 0-1

[Event "Team 45 45 League T24"]
[Site "Free Internet Chess Server"]
[Date "2004.09.18"]
[Round "2"]
[White "SamuraiGoroh"]
[Black "anish"]
[Result "0-1"]
[WhiteElo "1306"]
[BlackElo "1505"]
[TimeControl "2700+45"]

1. e4 e5 2. Nf3 Nc6 3. c3 Nf6 4. Bd3 a6 5. O-O b5 6. b4 Bb7 7. Ba3 Be7 8. Nh4 Nxe4 9. Bxe4 Bxh4 10. Qg4 Qg5 11. Qxg5 Bxg5 12. Bc1 O-O 13. d3 Be7 14. a4 Rfd8 15. f4 d5 16. Bf5 d4 17. Bb2 g6 18. Be4 f5 19. Bxc6 Bxc6 20. fxe5 dxc3 21. Bxc3 Rxd3 22. axb5 axb5 23. Rxa8+ Bxa8 24. Rc1 Bg5 25. Rc2 Rd1+ 26. Kf2 Rxb1 27. Be1 Rc1 28. Rc5 Rxc5 29. bxc5 Kf7 30. g3 Be4 31. h4 Be7 32. Bb4 Ke6 33. Ba5 Bxc5+ 34. Ke2 b4 35. Kd2 b3 36. Kc3 Bc2 37. Bxc7 Bf2 38. Kb2 Bxg3 39. Bd8 f4 40. Bg5 f3 41. Be3 f2 42. Bxf2 Bxf2 43. Kc3 Kxe5 44. Kb2 Bd4+ 45. Kc1 Be4 46. Kd1 b2 47. Kd2 b1=Q 48. Ke2 Qd3+ 49. Ke1 Bc3+ 50. Kf2 Qf3+ 51. Kg1 Qg2#   {White checkmated} 0-1

[Event "Team 45 45 League T24"]
[Site "Free Internet Chess Server"]
[Date "2004.09.18"]
[Round "2"]
[White "Phendrana"]
[Black "KlassAct"]
[Result "0-1"]
[WhiteElo "1406"]
[BlackElo "1382"]
[TimeControl "2700+45"]

1. d4 g6 2. c4 Bg7 3. Nc3 Nf6 4. e4 d6 5. Nf3 O-O 6. Be2 Re8 7. O-O e5 8. d5 Nbd7 9. Ng5 Nc5 10. f4 h6 11. fxe5 dxe5 12. b4 Na6 13. b5 Nc5 14. Ba3 Bf8 15. Nf3 Ncxe4 16. Bxf8 Nxc3   {White resigns} 0-1

[Event "Team 45 45 League T24"]
[Site "Free Internet Chess Server"]
[Date "2004.09.19"]
[Round "2"]
[White "manyhorses"]
[Black "paultopia"]
[Result "0-1"]
[WhiteElo "1236"]
[BlackElo "1356"]
[TimeControl "2700+45"]

1. e4 c5 2. Nc3 Nc6 3. Nf3 d6 4. d4 cxd4 5. Nxd4 e5 6. Nf3 h6 7. Bc4 Nf6 8. O-O Be7 9. Nb5 a6 10. Na3 Na5 11. Bd3 Be6 12. c3 b5 13. Nc2 O-O 14. Be3 Ng4 15. Nb4 Nxe3 16. fxe3 Nc4 17. Nc6 Qc7 18. Nxe7+ Qxe7 19. Qe2 Rfc8 20. b3 Nb6 21. c4 bxc4 22. bxc4 Bxc4 23. Bxc4 Nxc4 24. Rac1 Qe6 25. Nh4 Nb6 26. Rxc8+ Qxc8 27. Nf5 Qe6 28. Qg4 Qf6 29. h4 Kh7 30. Rf3 Qg6 31. Rg3 Qxg4 32. Rxg4 g6 33. Ne7 h5 34. Rg3 Re8 35. Nc6 Nc4 36. Kf2 Rc8 37. Ne7 Rc7 38. Nd5 Rb7 39. Nf6+ Kg7 40. Ne8+ Kf8 41. Nf6 Rb2+ 42. Kf3 Nd2+ 43. Ke2 Nxe4+ 44. Kf3 Nxg3 45. Kxg3 Rxa2 46. Nh7+ Kg7 47. Ng5 Rb2 48. Ne4 a5 49. Nxd6 a4 50. Nc4 Rb3 51. Kf3 a3 52. Nxa3 Rxa3 53. g4 hxg4+ 54. Kxg4 Ra4+ 55. Kg3 Kh6 56. Kf3 f5 57. Kg3 Re4 58. Kf3 Kh5 59. Kf2 Kxh4 60. Ke2 g5 61. Kf2 g4 62. Ke2 Kh3 63. Kf2 Kh2 64. Ke2 g3 65. Kf1 g2+ 66. Ke2 g1=Q 67. Kd2 Qxe3+ 68. Kc2 Rg4 69. Kd1 Qf3+ 70. Kc2 Rg2+ 71. Kc1 Qf1#   {White checkmated} 0-1

[Event "Team 45 45 League T24"]
[Site "Free Internet Chess Server"]
[Date "2004.09.20"]
[Round "2"]
[White "chesstalker"]
[Black "Triplea"]
[Result "0-1"]
[WhiteElo "1381"]
[BlackElo "1259"]
[TimeControl "2700+45"]

1. d4 Nf6 2. c4 e6 3. Nc3 d5 4. e4 Bb4 5. Qc2 dxe4 6. Qa4+ Nc6 7. Bg5 Qxd4 8. Rd1 Bxc3+ 9. Bd2 Ng4 10. Nh3 Bxd2+ 11. Rxd2 Qe5 12. g3 e3 13. Re2 Qe4 14. f3 Qb1+ 15. Qd1 Qxd1+ 16. Kxd1 Nd4 17. fxg4 Nxe2 18. Kxe2 e5 19. Ng1 Bxg4+ 20. Kxe3 Rd8 21. Ne2 Rd1 22. Nc3 Rc1 23. Kf2 O-O 24. a3 Rc2+ 25. Be2 Bxe2 26. Nxe2 Rd8 27. Rc1 Rxc1 28. Nxc1 Rd2+ 29. Ke3 Rxb2 30. Nd3 Rb3 31. Ke4 Rxa3 32. Nxe5 a5 33. Nd7 Rb3 34. Kf4 a4 35. Nc5 Rb4 36. Ke3 Rxc4 37. Nd3 a3 38. Kd2 a2   {White resigns} 0-1

[Event "Team 45 45 League T24"]
[Site "Free Internet Chess Server"]
[Date "2004.09.20"]
[Round "2"]
[White "mandragora"]
[Black "thomchad"]
[Result "1-0"]
[WhiteElo "1813"]
[BlackElo "1924"]
[TimeControl "2700+45"]

1. e4 c6 2. d4 d5 3. e5 Bf5 4. Nf3 e6 5. Be2 Nd7 6. O-O Be7 7. Be3 Qb6 8. b3 Qd8 9. c4 g5 10. Qd2 g4 11. Ne1 dxc4 12. bxc4 h5 13. f3 Rc8 14. fxg4 hxg4 15. Bf4 c5 16. d5 exd5 17. cxd5 Qb6 18. Nc3 c4+ 19. Be3 Bc5 20. Bxc5 Qxc5+ 21. Kh1 Ne7 22. Qf4 Qb4 23. Rc1 g3 24. Qxg3 Qb2 25. Nf3 Bd3 26. Nd4 Bxe2 27. Ndxe2 Rg8 28. Qe3 Qb6 29. Qxb6 Nxb6 30. Nb5 Nbxd5 31. Nd6+ Kd7 32. Nxc8 Rxc8 33. Rxf7 Ke6 34. Rh7 Kxe5 35. Nc3 Kf6 36. Nxd5+ Nxd5 37. Rxb7 a6 38. Rb2 c3 39. Rbc2 Kf5 40. Kg1 Ke4 41. Kf2 Kd3 42. a3 Rb8 43. g4 Rb2 44. Rxb2 cxb2 45. Re1 Nc3 46. g5 Ne4+ 47. Kf3 Nxg5+ 48. Kg4 Ne4 49. h4 Kd2 50. Rg1 Nf2+ 51. Kf5 Nd1 52. Rg2+ Kc3 53. Rxb2 Kxb2 54. h5 Kxa3 55. h6 a5 56. h7 a4 57. h8=Q Nb2 58. Qc3+ Ka2 59. Qb4 Kb1 60. Ke4   {Black resigns} 1-0

[Event "Team 45 45 League T24"]
[Site "Free Internet Chess Server"]
[Date "2004.09.18"]
[Round "2"]
[White "LangstonB"]
[Black "Louro"]
[Result "1-0"]
[WhiteElo "1690"]
[BlackElo "1791"]
[TimeControl "2700+45"]

1. e4 c5 2. Nf3 d6 3. d3 Nc6 4. g3 g6 5. Bg2 Bg7 6. O-O e6 7. Re1 Qc7 8. Nbd2 Nge7 9. Nf1 O-O 10. Rb1 b5 11. Be3 Bb7 12. Qd2 Rac8 13. Bh6 e5 14. Bxg7 Kxg7 15. Bh3 Rce8 16. Ne3 Nd4 17. Bg2 Bc8 18. c3 Ndc6 19. d4 Nb8 20. Nd5 Nxd5 21. exd5 f6 22. dxe5 fxe5 23. Re3 Nd7 24. Rbe1 Nb6 25. b3 Qf7 26. Ng5 Qxd5 27. Bxd5   {Black resigns} 1-0

[Event "Team 45 45 League T24"]
[Site "Free Internet Chess Server"]
[Date "2004.09.17"]
[Round "2"]
[White "Gildo"]
[Black "cregan"]
[Result "0-1"]
[WhiteElo "1636"]
[BlackElo "1650"]
[TimeControl "2700+45"]

1. e4 c5 2. Nf3 Nc6 3. d4 cxd4 4. Nxd4 e6 5. Be3 a6 6. Bd3 Qc7 7. O-O Nf6 8. Nd2 d5 9. exd5 Nxd5 10. Nxc6 Nxe3 11. fxe3 bxc6 12. Qf3 Bd6 13. g3 Rb8 14. Nc4 O-O 15. Qh5 g6 16. Qf3 Bb7 17. Rad1 c5 18. Be4 Be7 19. Bxb7 Qxb7 20. b3 Qxf3 21. Rxf3 Rfd8 22. Rdf1 f5 23. Ne5 Rd2 24. Nc6 Rb7 25. Nxe7+ Rxe7 26. Rc1 Red7 27. Rf2 Rxf2 28. Kxf2 Rd2+ 29. Kg1 Re2 30. a3 Rxe3 31. Kf2 Rc3 32. Ke2 Kf7 33. Kd2 Rf3 34. Rh1 e5 35. c3 e4 36. b4 Rd3+ 37. Kc2 Ke6 38. Rd1 Rxd1 39. Kxd1 Kd5 40. Kd2 cxb4 41. cxb4 Kc4 42. Kc2 g5 43. h3 f4 44. gxf4 gxf4 45. h4 e3 46. h5 f3 47. a4 f2 48. b5 axb5 49. a5 f1=Q 50. a6 Qd3+ 51. Kb2 Qb3+ 52. Kc1 Kc3   {White resigns} 0-1

[Event "Team 45 45 League T24"]
[Site "Free Internet Chess Server"]
[Date "2004.09.19"]
[Round "2"]
[White "senorquinn"]
[Black "crane"]
[Result "1-0"]
[WhiteElo "1501"]
[BlackElo "1397"]
[TimeControl "2700+45"]

1. d4 d5 2. c4 Nf6 3. cxd5 Nxd5 4. e4 Nf6 5. Nc3 Nc6 6. Nf3 Bg4 7. Be3 Bxf3 8. gxf3 e6 9. Be2 Bb4 10. O-O O-O 11. Kh1 h5 12. Qb3 h4 13. Rad1 h3 14. Bg5 a5 15. d5 exd5 16. Nxd5 Bd6 17. Rg1 a4 18. Qxb7 Na5 19. Qb5 Kh8 20. Qxa4 Nb7 21. Qb3 Nc5 22. Qc4 Ra4 23. Qc3 Ncd7 24. Bb5 Be5 25. Qc2 Rxa2 26. Nc3 Bxc3 27. Qxc3 Qc8 28. Bxd7 Nxd7 29. Bh6 Rg8 30. Rxg7 f6 31. Rgxd7 Qa6 32. Rxc7 Qb6 33. Be3 Qxb2 34. Qxb2 Rxb2 35. Bd4 Rb6 36. Bxb6 Rg7 37. Rxg7 Kxg7 38. Rg1+ Kf7 39. Rg3 Ke6 40. Rxh3 Ke5 41. Bc7+ Ke6 42. Rg3 f5 43. h4   {Black resigns} 1-0

[Event "Team 45 45 League T24"]
[Site "Free Internet Chess Server"]
[Date "2004.09.20"]
[Round "2"]
[White "inkaotibus"]
[Black "TrondTumyr"]
[Result "1-0"]
[WhiteElo "2159"]
[BlackElo "1807"]
[TimeControl "2700+45"]

1. e4 c5 2. Nf3 d6 3. d4 cxd4 4. Nxd4 Nf6 5. Nc3 a6 6. Be3 e5 7. Nb3 Be6 8. Be2 Be7 9. O-O b5 10. Nd5 Nxd5 11. exd5 Bd7 12. f4 Bf6 13. fxe5 Bxe5 14. Bd4 Bxd4+ 15. Qxd4 O-O 16. Qf4 Be8 17. Nd4 g6 18. Ne6 Qe7 19. Nxf8 Qxf8 20. h4 Nd7 21. a4 Ne5 22. axb5 Bxb5 23. c4 Be8 24. h5 Qe7 25. Qf6 Qa7+ 26. Kh1 Qe3 27. Ra3 Qxe2 28. h6 Kf8 29. Qxd6+ Kg8 30. Qf6 Kf8 31. d6 Bc6 32. Qh8#   {Black checkmated} 1-0

[Event "Team 45 45 League T24"]
[Site "Free Internet Chess Server"]
[Date "2004.09.15"]
[Round "2"]
[White "zcomcon"]
[Black "fismoluni"]
[Result "1-0"]
[WhiteElo "1715"]
[BlackElo "1596"]
[TimeControl "2700+45"]

1. e4 c5 2. Nf3 d6 3. g3 Nf6 4. d3 Nc6 5. Bg2 e6 6. Nbd2 Be7 7. O-O O-O 8. Re1 Qc7 9. Nf1 Re8 10. a3 b6 11. b3 Bb7 12. Ne3 Rad8 13. Bb2 Ne5 14. Nxe5 dxe5 15. Qe2 Nd7 16. h4 Nb8 17. Ng4 Nc6 18. Qd1 Bc8 19. Qd2 a6 20. Qc3 Nd4 21. Ne3 Rf8 22. Qd2 Nc6 23. Qd1 Bd6 24. Nc4 Be7 25. Ne3 f5 26. exf5 exf5 27. Qe2 Nd4 28. Bxd4 cxd4 29. Nc4 Bf6 30. Rac1 Rfe8 31. Qf3 b5 32. Nd2 Qd6 33. b4 Qc7 34. Nb3 Qc3 35. Qc6 Qxc6 36. Bxc6 Re6 37. Bg2 Re7 38. Nc5 Bd7 39. Nxa6 Rde8 40. Nc5 Bc8 41. Bc6 Rf8 42. Bxb5 Rc7 43. Bc4+ Kh8 44. a4 Be7 45. Rxe5 Bd6 46. Rd5 Bxc5 47. Rxc5 Rxc5 48. bxc5 Bd7 49. Bb5 Rd8 50. Bxd7 Rxd7 51. Rb1 Kg8 52. Rb8+ Kf7 53. c6 Rc7 54. Rb7   {Black resigns} 1-0

[Event "Team 45 45 League T24"]
[Site "Free Internet Chess Server"]
[Date "2004.09.18"]
[Round "2"]
[White "threeNT"]
[Black "DesparateDan"]
[Result "1-0"]
[WhiteElo "1605"]
[BlackElo "1692"]
[TimeControl "2700+45"]

1. e4 e5 2. Nf3 Nc6 3. Bb5 a6 4. Ba4 d6 5. d4 b5 6. Bb3 Nxd4 7. Nxd4 exd4 8. Bd5 Rb8 9. Qxd4 Bd7 10. a4 bxa4 11. Rxa4 Bxa4 12. Qxa4+ Ke7 13. Qxa6 Nf6 14. Nc3 g6 15. Qc4 Nxd5 16. Bg5+ Nf6 17. Nd5+ Kd7 18. Bxf6 Be7 19. Bxe7 Qc8 20. Qa4+ c6 21. Bg5 Rxb2 22. Nb6+ Rxb6 23. O-O Qa6 24. Qd4 Re8 25. Rd1 Re6 26. Qg7 Qa2 27. Qxf7+ Kc8 28. Qg8+ Kb7 29. Qxh7+ Ka6 30. Qg8 Kb5 31. c4+ Qxc4 32. Rb1+ Ka5 33. Bd2+ Ka4 34. Rxb6 Rxe4 35. Qa8+   {Black resigns} 1-0

[Event "Team 45 45 League T24"]
[Site "Free Internet Chess Server"]
[Date "2004.09.16"]
[Round "2"]
[White "petlya"]
[Black "gflan"]
[Result "1/2-1/2"]
[WhiteElo "1612"]
[BlackElo "1545"]
[TimeControl "2700+45"]

1. d4 c6 2. e4 d5 3. exd5 cxd5 4. Bd3 Nc6 5. c3 e5 6. dxe5 Nxe5 7. Qe2 Qe7 8. Bc2 g6 9. Bf4 Bg7 10. Nd2 Nc6 11. Qxe7+ Ngxe7 12. Ngf3 O-O 13. O-O Bf5 14. Bxf5 Nxf5 15. Nb3 Rad8 16. Rfe1 d4 17. cxd4 Nfxd4 18. Nbxd4 Nxd4 19. Nxd4 Bxd4 20. Rab1 Rfe8 21. Rxe8+ Rxe8 22. Kf1 b5 23. b3 b4 24. Rd1 Bc3 25. Be3 a5 26. Rd5 Ra8 27. Bb6 a4 28. Rd8+ Rxd8 29. Bxd8 axb3 30. axb3 f5 31. Ke2 Kf7 32. f4 Ke6 33. Kd3 Kd5 34. h3 Be1 35. g4 Kc5 36. Be7+ Kb5 37. Bd6 Bf2 38. Be5 Kc5 39. Bb8 Kd5 40. Be5 Kc5 41. Bb8 Kd5 42. Bc7 Kc5 43. Ke2 Bd4 44. Kd3 Bf2 45. Bb8 Kd5 46. Be5   {Game drawn by repetition} 1/2-1/2

[Event "Team 45 45 League T24"]
[Site "Free Internet Chess Server"]
[Date "2004.09.20"]
[Round "2"]
[White "adingod"]
[Black "kethury"]
[Result "1/2-1/2"]
[WhiteElo "2098"]
[BlackElo "2119"]
[TimeControl "2700+45"]

1. d4 Nf6 2. Nf3 d5 3. e3 e6 4. Bd3 c5 5. c3 Nc6 6. O-O Be7 7. Nbd2 O-O 8. Re1 Bd7 9. Ne5 Bd6 10. Ndf3 c4 11. Bc2 Qc7 12. Nxd7 Qxd7 13. e4 Nxe4 14. Bxe4 dxe4 15. Rxe4 Ne7 16. Qe2 Rac8 17. Bf4 Nd5 18. Be5 Be7 19. Qc2 Rc6 20. Rae1 Ra6 21. a3 Qb5 22. R4e2 Re8 23. Bg3 Rd8 24. Qc1 Qa4 25. Ne5 Rc8 26. f4 Bd6 27. Ng4 f5 28. Ne5 Qe8 29. Nf3 Bb8 30. Ng5 Rcc6 31. Qc2 Qg6 32. Qd2 Qf6 33. Rf1 Rcb6 34. Qc1 Qe7 35. Nf3 Qe8 36. Rfe1 Qd7 37. Rf2 Rc6 38. Ng5 Rc8 39. Rfe2   {Game drawn by mutual agreement} 1/2-1/2

[Event "Team 45 45 League T24"]
[Site "Free Internet Chess Server"]
[Date "2004.09.17"]
[Round "2"]
[White "thxgg"]
[Black "YOIULI"]
[Result "1-0"]
[WhiteElo "1975"]
[BlackElo "1866"]
[TimeControl "2700+45"]

1. d4 d5 2. c4 e6 3. Nf3 c5 4. cxd5 exd5 5. g3 Nf6 6. Bg2 Bf5 7. O-O Nc6 8. Bg5 c4 9. Nc3 Be7 10. Ne5 Nxe5 11. dxe5 Ne4 12. Bxe7 Nxc3 13. Bxd8 Nxd1 14. Raxd1 Rxd8 15. Rxd5 Rxd5 16. Bxd5 b5 17. Rd1 Ke7 18. e4 Bg4 19. Rd2 Rd8 20. Kf1 Bf3 21. Ke1 a5 22. Rc2 Rc8 23. Kd2 Rd8 24. Ke3 Bg2 25. f4 Bf1 26. f5 Bd3 27. Rc1 a4 28. Kd4 a3 29. bxa3 Rd7 30. Kc5 Ra7 31. Rc3   {Black resigns} 1-0

[Event "Team 45 45 League T24"]
[Site "Free Internet Chess Server"]
[Date "2004.09.18"]
[Round "2"]
[White "mandragora"]
[Black "ktwag"]
[Result "0-1"]
[WhiteElo "1850"]
[BlackElo "1865"]
[TimeControl "2700+45"]

1. e4 c5 2. Nf3 Nc6 3. d4 cxd4 4. Nxd4 e6 5. c4 Bb4+ 6. Bd2 Qh4 7. Nf3 Qxe4+ 8. Be2 Nf6 9. Nc3 Qf5 10. O-O O-O 11. a3 Bc5 12. b4 Be7 13. Be3 d6 14. Bd3 Qh5 15. Ne2 Ne5 16. Nxe5 dxe5 17. Qc2 e4   {White resigns} 0-1

[Event "Team 45 45 League T24"]
[Site "Free Internet Chess Server"]
[Date "2004.09.22"]
[Round "2"]
[White "Louro"]
[Black "Zepphire"]
[Result "1-0"]
[WhiteElo "1764"]
[BlackElo "1974"]
[TimeControl "2700+45"]

1. e4 e5 2. Nf3 Nc6 3. Bb5 a6 4. Ba4 Nf6 5. Qe2 b5 6. Bb3 Bc5 7. c3 O-O 8. O-O d6 9. h3 Qe7 10. d3 h6 11. a4 Bd7 12. Be3 Nh5 13. d4 exd4 14. cxd4 Bb6 15. axb5 Na5 16. Ba4 Nc4 17. Nc3 axb5 18. Bxb5 Bxb5 19. Nxb5 Nxe3 20. Qxe3 f5 21. Qb3+ Kh8 22. Rxa8 Rxa8 23. exf5 Nf4 24. Qe3 Ne2+ 25. Kh2 Qxe3 26. fxe3 Ra5 27. Na3 Rxf5 28. Re1   {Black resigns} 1-0

[Event "Team 45 45 League T24"]
[Site "Free Internet Chess Server"]
[Date "2004.09.17"]
[Round "2"]
[White "KymF"]
[Black "Nogger"]
[Result "1/2-1/2"]
[WhiteElo "2115"]
[BlackElo "1981"]
[TimeControl "2700+45"]

1. d4 Nf6 2. c4 g6 3. Nc3 Bg7 4. e4 d6 5. Nge2 c5 6. dxc5 dxc5 7. Qxd8+ Kxd8 8. Be3 Nfd7 9. O-O-O b6 10. f4 Ba6 11. b3 Kc8 12. e5 Rd8 13. g3 Bb7 14. Rg1 a6 15. Bh3 e6 16. Rd6 Kc7 17. Rgd1 Nc6 18. Na4 Rab8 19. Rxd7+ Rxd7 20. Rxd7+ Kxd7 21. Nxb6+ Kc7 22. Bxc5 Bf8 23. Na4 Nb4 24. Ba7 Nxa2+ 25. Kb1 Nb4 26. Bxb8+ Kxb8 27. Nd4 Be7 28. Bf1 Kc7 29. Kb2 Kd7 30. Kc3 Na2+ 31. Kd2 Nb4 32. Be2 Nc6 33. Ke3 Kc7 34. Nxc6 Bxc6 35. Bf3 Bxa4 36. bxa4 Bc5+ 37. Ke2 Kb6 38. h4 Bd4 39. g4 a5 40. g5 Bc5 41. h5 Ba3 42. Kd3 Bc1 43. Ke4 Kc5 44. Be2 Bd2 45. Bd1 Bc1 46. Bf3 Bd2 47. Be2 Bc1   {Game drawn by mutual agreement} 1/2-1/2

[Event "Team 45 45 League T24"]
[Site "Free Internet Chess Server"]
[Date "2004.09.25"]
[Round "2"]
[White "Ottawa"]
[Black "minkowski"]
[Result "0-1"]
[WhiteElo "1804"]
[BlackElo "1945"]
[TimeControl "2700+45"]

1. e4 e6 2. Nf3 d5 3. e5 c5 4. d4 cxd4 5. Nxd4 Qc7 6. f4 Bd7 7. Nc3 Bb4 8. Bd2 Qc5 9. Nb3 Qb6 10. Qg4 Bf8 11. Bd3 Nc6 12. Na4 Qc7 13. O-O Nge7 14. Nac5 Ng6 15. Rae1 Ncxe5 16. fxe5 Bxc5+ 17. Nxc5 Qxc5+ 18. Kh1 Bb5 19. Bb4 Qb6 20. Bd6 Rd8 21. Bxg6 hxg6 22. Rf2 Rh5 23. Qf3 Rf5 24. Qh3 Qxf2 25. Qh8+ Kd7   {White resigns} 0-1

[Event "Team 45 45 League T24"]
[Site "Free Internet Chess Server"]
[Date "2004.09.21"]
[Round "2"]
[White "nham"]
[Black "LNO"]
[Result "1/2-1/2"]
[WhiteElo "2006"]
[BlackElo "1834"]
[TimeControl "2700+45"]

1. e4 e6 2. d4 d5 3. Nc3 Nf6 4. e5 Nfd7 5. f4 c5 6. Nf3 Nc6 7. Be3 Be7 8. Qd2 a6 9. Bd3 b5 10. dxc5 Nxc5 11. O-O d4 12. Bxb5 axb5 13. Nxd4 Nxd4 14. Bxd4 b4 15. Ne2 Ba6 16. Rfd1 O-O 17. Ng3 Qc7 18. Qf2 Bb7 19. Re1 Qc6 20. f5 exf5 21. Nxf5 Bg5 22. Bxc5 Rfc8 23. Bxb4 Qxc2 24. Re2 Qd3 25. Bc3 Rc6 26. h4 Bd8 27. Nd6 Bb6 28. Nxb7 Bxf2+ 29. Rxf2 Rc4 30. Nd6 Rxh4 31. Nf5 Rh5 32. Raf1 h6 33. a3 Kh7 34. Rf3 Qc2 35. R3f2 Qd3 36. Rf3 Qc2 37. R3f2 Qd3 38. Rf3   {Game drawn by repetition} 1/2-1/2

[Event "Team 45 45 League T24"]
[Site "Free Internet Chess Server"]
[Date "2004.09.15"]
[Round "2"]
[White "twinders"]
[Black "Valiantangel"]
[Result "1-0"]
[WhiteElo "1637"]
[BlackElo "1753"]
[TimeControl "2700+45"]

1. d4 d5 2. Bf4 e6 3. Nf3 Nf6 4. c3 c5 5. e3 Nc6 6. Bd3 Be7 7. Nbd2 O-O 8. e4 cxd4 9. Nxd4 Nxd4 10. e5 Nf3+ 11. Nxf3 Nd7 12. Qc2 g6 13. Bh6 Re8 14. O-O b6 15. Rfe1 Bb7 16. Nd4 Bg5 17. Bxg5 Qxg5 18. Bb5 Red8 19. Bxd7 Rxd7 20. Re2 Rc8 21. Qc1 a6 22. Qxg5   {Black resigns} 1-0